 Dungeon Crawl Stone Soup version 0.31-a0-986-g5e6e4ef867 (webtiles) character file.

Game seed: 16071772228158980824

217 olourkin the Conjurer (level 5, -3/30 HPs)
             Began as a Deep Elf Conjurer on Nov 10, 2023.
             Slain by an ogre
             ... wielding a +0 giant club
              (20 damage)
             ... on level 4 of the Dungeon.
             The game lasted 00:11:31 (3261 turns).

olourkin the Conjurer (Deep Elf Conjurer)           Turns: 3261, Time: 00:11:31

Health: -3/30      AC: 13    Str:  4    XL:     5   Next: 62%
Magic:  13/13      EV:  9    Int: 25    God:
Gold:   124        SH:  0    Dex: 13    Spells: 6/12 levels left

rFire   . . .        (no weapon)
rCold   . . .        (no shield)
rNeg    + . .        b - +4 ring mail
rPois   .            (no helmet)
rElec   .            (no cloak)
rCorr   .            (no gloves)
SInv    .            (no boots)
Will    .....        c - amulet of magic regeneration
Stlth   ++           r - ring "Marathru" {rN+ AC+4}
HPRegen 0.25/turn    (no ring)
MPRegen 0.53/turn

%: no passive effects
@: no status effects
A: no striking features
a: no special abilities


You were on level 4 of the Dungeon.
You visited 1 branch of the dungeon, and saw 5 of its levels.

You collected 124 gold pieces.

Inventory:

Missiles
 d - 24 stones
 e - 9 poisoned darts
Armour
 a - a +0 robe
 b - a +4 ring mail (worn)
Jewellery
 c - an amulet of magic regeneration (around neck)
 p - an amulet of faith {!P}
 q - an amulet of the acrobat
 r - the ring "Marathru" (left hand) {rN+ AC+4}
   (You found it on level 3 of the Dungeon)

   [ring of protection]

   AC+4:      It affects your AC (+4).
   rN+:       It protects you from negative energy.
Scrolls
 f - a scroll of fear {unknown}
 g - 2 scrolls of poison {unknown}
 h - 3 scrolls of teleportation {unknown}
 j - 3 scrolls of identify {unknown}
 l - a scroll of fog {unknown}
 m - a scroll of butterflies {unknown}
 o - 3 scrolls of noise {unknown}
 s - a scroll of amnesia {unknown}
 t - a scroll of brand weapon {unknown}
Potions
 i - a potion of berserk rage {unknown}
 k - 3 potions of haste {unknown}
 n - a potion of ambrosia {unknown}


   Skills:
 + Level 1.7 Fighting
 + Level 0.0 Armour
 - Level 2.4 Dodging
 - Level 4.2 Stealth
 + Level 4.3 Spellcasting
 * Level 5.8 Conjurations


You had 6 spell levels left.
You knew the following spells:

 Your Spells              Type           Power      Damage    Failure   Level
a - Magic Dart            Conj           100%       1d8       4%          1
x - Searing Ray           Conj           68%        2d6       8%          2
y - Dazzling Flash        Conj/Hex       40%        N/A       43%         3

Your spell library contained the following spells:

 Spells                   Type           Power      Damage    Failure   Level
 Sting                    Tmut/Pois      20%        1d4       47%         1
 Poisonous Vapours        Pois/Air       10%        N/A       63%         2
 Fulminant Prism          Conj/Hex       10%        3d8       85%         4
 Iskenderun's Mystic Bla  Conj/Tloc      20%        2d6       85%         4
 Animate Armour           Summ/Erth      10%        N/A       99%         4
 Olgreb's Toxic Radiance  Pois           5%         N/A       99%         4
 Summon Lightning Spire   Summ/Air       5%         N/A       99%         4
 Lee's Rapid Deconstruct  Erth           2%         3d5*      100%        5


Dungeon Overview and Level Annotations

Branches:
Dungeon (5/15)
 Temple: D:4-7

Altars:


Message History

You continue taking off your amulet of the acrobat. x4
You finish taking off your amulet of the acrobat.
You start putting on your amulet.
You continue putting on your amulet of magic regeneration. x5
You finish putting on your amulet of magic regeneration.
c - an amulet of magic regeneration (around neck)
You start removing your armour.
You continue taking off your +0 robe. x4
You finish taking off your +0 robe.
You start putting on your armour.
You continue putting on your +4 ring mail. x5
You finish putting on your +4 ring mail.
Casting: Magic Dart (safe; 4% risk of failure)
Confirm with . or Enter, or press ? or * to list all spells.
Okay, then.
Found a dagger.
An ogre comes into view. It is wielding a +0 giant club.
The ogre moves out of view.
The ogre shouts!
An ufetubus comes into view.
A hound comes into view.
You start memorising the spell.
You continue memorising. x2
You finish memorising.
Spell assigned to 'x'.
Items here: ( )) [ †††.
Things that are here:
a +0 flail; a +0 leather armour A white imp comes into view.
The white imp moves out of view.
You see here a scroll labelled DETECK RAASS.
The white imp shouts, "Surrender, thou erky half-faced flirt-gill!"
You see here an adder corpse.
Found a glowing green potion.
There is a stone staircase leading up here.
The ogre hits you with a +0 giant club!
You climb upwards.
The black bear growls angrily.
You hear an angry hiss.
Found three items.
Found a stone staircase leading down.
There is a stone staircase leading down here.
The ogre attacks as it pursues you!
The ogre hits you with a +0 giant club!!
Ouch! That really hurt!
You die...

....# .# .....
##.##
.....###...######
.......$....#..>..
................
.......?......
#............
#.@..........
##.O..........
#.............
#.....>....K..
................
.......#.....?...
.......##....h...
......###........
...... .........


You could see a black bear and an ogre.

Vanquished Creatures
  2 orc priests (D:3)
  An orc wizard (D:5)
  3 gnolls (D:2)
  4 adders
  A white imp (D:5)
  2 dart slugs
  4 orcs
  2 endoplasms (D:1)
  3 giant cockroaches
  4 goblins
  3 hobgoblins
  6 jackals
  9 kobolds
  3 quokkas (D:1)
  3 ball pythons
  7 bats
  4 frilled lizards
  7 rats
68 creatures vanquished.

Notes
Turn   | Place    | Note
-------+----------+-------------------------------------------
     0 | D:1      | olourkin the Deep Elf Conjurer began the quest for the Orb.
     0 | D:1      | Reached XP level 1. HP: 10/10 MP: 6/6
   252 | D:1      | Reached XP level 2. HP: 16/16 MP: 6/8
  1166 | D:1      | Reached XP level 3. HP: 20/20 MP: 4/9
  1593 | D:2      | Reached skill level 5 in Conjurations
  1602 | D:2      | Reached skill level 1 in Fighting
  1671 | D:2      | Found a faded altar of an unknown god.
  2134 | D:2      | Reached XP level 4. HP: 25/25 MP: 7/11
  2171 | D:2      | Learned a level 3 spell: Dazzling Flash
  2590 | D:3      | Identified the ring "Marathru" {rN+ AC+4}
  2869 | D:3      | Reached XP level 5. HP: 24/29 MP: 5/13
  3067 | D:3      | You fall into a shaft and drop 2 floors!
  3067 | D:5      | Entered Level 5 of the Dungeon
  3224 | D:5      | Noticed an ogre
  3230 | D:5      | Learned a level 2 spell: Searing Ray
  3258 | D:4      | Noticed a black bear
  3261 | D:4      | Slain by an ogre

Illustrated notes

Levels and vault maps discovered:
D:1:      dpeg_arrival_radiant, layout_basic, minmay_misc_feat_plants,
          nrook_loot_triangle
D:2:      layout_loops_ring, hellmonk_ecumenical_altar_pennies_from_heaven,
          corexii_corridor_pit
D:3:      kb_forest_paths, layout_rooms, nicolae_overflow_crystal_walls,
          nicolae_wu_jian_immortal_techniques
D:4:      layout_cave_pods, nicolae_hepliaklqana_hazy_memory
D:5:      layout_rooms, nicolae_tso_swordbearing_angel,
          nicolae_dithmenos_through_a_glass_darkly,
          minmay_temple_entry_overgrown

Skill      XL: |  1  2  3  4 |
---------------+-------------+-----
Stealth        | 3 4 |  4.2
Conjurations   | 5 |  5.8
Fighting       | 1 |  1.7
Spellcasting   | 4 |  4.3
Dodging        | |  2.4

Action                     |  1- 3 |  4- 6 || total
---------------------------+-------+-------++-------
  Melee: Unarmed           |     3 |       ||     3
   Cast: Magic Dart        |    86 |    72 ||   158
    Use: Potion            |       |     1 ||     1
 Armour: Robe              |     7 |     5 ||    12
         Ring mail         |       |     2 ||     2
  Dodge: Dodged            |     5 |    17 ||    22

Table legend: (Time is in decaauts)
 A = Elapsed time spent in this place.
 B = Non-inter-level travel time spent in this place.
 C = Inter-level travel time spent in this place.
 D = Time resting spent in this place.
 E = Time spent auto-exploring this place.
 F = Levels seen in this place.
 G = Mean time per level.
                   A        B        C        D        E       F      G
               +--------+--------+--------+--------+--------+-----+--------+
         Total |   3261 |   3161 |    100 |   1230 |   1427 |   5 |  652.2 |
       Dungeon |   3261 |   3161 |    100 |   1230 |   1427 |   5 |  652.2 |
               +--------+--------+--------+--------+--------+-----+--------+

Top non-repeatable levels by time:
     D:1: 1441 daAuts
     D:2: 1125 daAuts
     D:3: 501 daAuts
     D:5: 190 daAuts
     D:4: 2 daAuts
